 Dungeon Crawl Stone Soup version 0.30-a0-469-g84de5afbc5 (webtiles) character file.

Game seed: 14150170735203932251

8664 tilp the Cleaver (level 11, -6/88 (93) HPs)
             Began as a Meteoran Fighter on Dec 19, 2022.
             Was a High Priest of Okawaru.
             Succumbed to a death drake's foul vapour
             ... in a Gauntlet.
             The game lasted 00:16:37 (2536 turns).

tilp the Cleaver (Meteoran Fighter)                 Turns: 2536, Time: 00:16:38

HP:   -6/88 (93)    AC: 16    Str: 27    XL:     11   Next: 90%
MP:   18/18         EV: 16    Int: 11    God:    Okawaru [*****.]
Gold: 229           SH:  6    Dex: 20    Spells: 10/10 levels left

rFire   . . .      SeeInvis .    a - +10 war axe of the Spectre {vorpal, Fragile rElec Str+10}
rCold   . . .      Faith    .    c - +0 buckler
rNeg    . . .      Spirit   .    t - +2 scale mail of the Special Allies {Dex+2}
rPois   .          Reflect  .    (no helmet)
rElec   +          Harm     .    G - +2 cloak
rCorr   .          Rampage  .    z - +2 pair of gloves
Will    +....      NoTele   +    (no boots)
Stlth   +.........               (no amulet)
HPRegen 0.34/turn                (no ring)
MPRegen 0.16/turn                (no ring)

@: lethally poisoned (-6 -> -89), slowed, glowing, drained, very slow
A: sense surroundings 2, otherworldly, glowing, explore regen
a: Renounce Religion, Heroism, Finesse, Duel


You were in a Gauntlet.
You worshipped Okawaru.
Okawaru was extremely pleased with you.
You visited 2 branches of the dungeon, and saw 12 of its levels.
You also visited: Gauntlet.

You collected 403 gold pieces.
You spent 174 gold pieces at shops.

Inventory:

Hand Weapons
 a - the +10 war axe of the Spectre (weapon) {vorpal, Fragile rElec Str+10}
   (You found it on level 3 of the Dungeon)

   It inflicts extra damage upon your enemies.
   Str:       It affects your strength (+10).
   rElec:     It insulates you from electricity.
   Fragile:   It will be destroyed if unequipped.
 b - a +1 long sword of freezing
 C - a +0 long sword
Missiles
 j - 4 curare-tipped darts (quivered)
 o - 3 silver boomerangs
 u - 5 javelins
 B - 4 boomerangs
Armour
 c - a +0 buckler (worn)
 i - an orb of light
 k - a +0 scale mail
 q - a +0 chain mail
 t - the +2 scale mail of the Special Allies (worn) {Dex+2}
   (You found it on level 5 of the Dungeon)

   Dex:       It affects your dexterity (+2).
 z - a +2 pair of gloves (worn)
 D - the +1 pair of boots of the Devil's Team {Harm Rampage rF- Str+2}
   (Okawaru gifted it to you on level 9 of the Dungeon)

   Str:       It affects your strength (+2).
   rF:        It makes you vulnerable to fire.
   Harm:      It increases damage dealt and taken.
   Rampage:   It bestows one free step when moving towards enemies.
 G - a +2 cloak (worn)
Jewellery
 H - a ring of resist corrosion
Wands
 e - a wand of acid (5)
 x - a wand of iceblast (5)
 A - a wand of mindburst (22)
 E - a wand of flame (8)
Scrolls
 h - a scroll of fear {unknown}
 l - a scroll of teleportation
 m - a scroll of blinking {unknown}
 p - a scroll of enchant weapon {unknown}
 s - a scroll of magic mapping {unknown}
 v - 2 scrolls of vulnerability {unknown}
 y - a scroll of noise {unknown}
 F - a scroll of poison {unknown}
Potions
 d - 2 potions of flight
 f - 3 potions of curing
 n - 3 potions of brilliance
 r - 2 potions of degeneration
 w - 2 potions of attraction


   Skills:
 + Level 7.6 Fighting
 - Level 2.5 Long Blades
 + Level 9.6 Axes
 - Level 6.0 Throwing
 - Level 6.0 Armour
 + Level 9.4 Dodging
 - Level 4.0 Stealth
 - Level 4.0 Shields
 - Level 8.0 Invocations
 - Level 6.0 Evocations


You had 10 spell levels left.
You didn't know any spells.
Your spell library contained the following spells:

 Spells                   Type           Power      Damage    Failure   Level
 Scorch                   Fire           0%         2d5       82%         2
 Static Discharge         Conj/Air       0%         2-2/arc   82%         2
 Vhi's Electric Charge    Tloc/Air       0%         N/A       96%         3
 Flame Wave               Conj/Fire      0%         2d4       100%        4
 Arcjolt                  Conj/Air       0%         1d10      100%        5
 Blade Hands              Tmut           0%         N/A       100%        5
 Iskenderun's Battlesphe  Conj           0%         2d6       100%        5
 Lightning Bolt           Conj/Air       0%         1d11      100%        5
 Iron Shot                Conj/Erth      0%         9d1       100%        6
 Animate Armour           Summ/Erth      Unusable   N/A       N/A         4
 Summon Cactus Giant      Summ           Unusable   N/A       N/A         6
 Spellforged Servitor     Conj/Summ      Unusable   N/A       N/A         7

Dungeon Overview and Level Annotations

Branches:
Dungeon (11/15) Zot: 4220  Temple (0/1) D:4            Lair (1/5) D:9 Zot: 587
Gauntlet (1/1) Zot: 375
    Orc: D:9-12

Altars:
Elyvilon
Fedhas
Gozag
Hepliaklqana
Makhleb
Okawaru
Vehumet
Xom
Yredelemnul

Shops:
D:4 ?   D:10 =

Annotations:
D:1 2 transporters
D:7 Sapher's ghost, amateur DEEE
D:9 exclusion: orange crystal statue Gauntlet 11 transporters, 3 runed translucent doors


Innate Abilities, Weirdness & Mutations

You passively map the area around you.
You are easily found by Zot.
You glow in the dark.
You regain HP and MP as you explore.


Message History

* * * LOW HITPOINT WARNING * * *
x2 You feel extremely sick.
The spectral harpy claws you but does no damage.
The spectral harpy misses you. The spectral harpy closely misses you.
You block the spectral harpy's attack. The spectral harpy claws you.
* * * LOW HITPOINT WARNING * * *
The spectral harpy claws you but does no damage.
The death drake bites you.
* * * LOW HITPOINT WARNING * * *
The spectral harpy claws you.
* * * LOW HITPOINT WARNING * * *
The spectral harpy misses you. The death drake closely misses you.
Unknown command.
Unknown command.
Unknown command.
Unknown command.
You feel much better.
You are engulfed in dark miasma.
You are more poisoned.
* * * LOW HITPOINT WARNING * * *
You feel extremely sick. The spectral harpy misses you.
You block the spectral harpy's attack.
The spectral harpy claws you but does no damage. x2
The spectral harpy claws you.
* * * LOW HITPOINT WARNING * * *
The spectral harpy claws you.
* * * LOW HITPOINT WARNING * * *
The death drake breathes miasma at you. The foul vapour engulfs you.
You are more poisoned.
You feel as though you will be slow longer.
* * * LOW HITPOINT WARNING * * *
The death drake barely misses you. The spectral harpy misses you.
The spectral harpy claws you.
* * * LOW HITPOINT WARNING * * *
You feel drained.
* * * LOW HITPOINT WARNING * * *
Unknown command.
Unknown command.
You feel much better.
You die...

#.^)#..#..≈###≈..#..##.^.#.[#..≈#
###.#..#..##≈##..#..###.###.#..##
....#..#.........#..#ZZ.....#..≈#
#####..#...§§....#..#########..##
....#..###########..#..........##
#####..#.........#..#########..#.
#.#©#..#.##^.^##.#..#^.....4#..#.
#".##..#.#.#.#.#.#..#..####}#.8#.
#!..#..#..##.##k@#..#.#..^#?#..#.
©####©©#..#^©Z#.Z#©©#.#.©.#©#.∩#.
^..J#..#..##.##.!#..#.#^..#[#..#.
###J#..#.#.#○#.#.#..#.####..#.8#.
..JJ#..#.##○○^##.#..#......^#..#.
#####..#...○..○^.#..#########..#.
....#..###########..#..........##
#####..#.........#..#########..##
.#..#..#.........#..#....#.!#..≈#


You could see a death drake, a spectral harpy, a spectral centaur warrior, a
harpy simulacrum and a centaur warrior simulacrum.

Vanquished Creatures
  An entropy weaver (shapeshifter) (D:9)
  2 two-headed ogres (D:9)
  A tengu warrior (D:9)
  A deep elf pyromancer (D:9)
  A queen bee (Gauntlet)
  18 yaks
  A wraith (D:9)
  A vampire mosquito (D:9)
  3 wargs
  A water moccasin (Lair:1)
  A black bear (D:5)
  An orc warrior (D:9)
  A sky beast (D:7)
  An ice beast (D:5)
  An ogre (D:4)
  5 centaurs
  A bullfrog (D:9)
  2 scorpions
  7 wights
  9 killer bees
  2 hounds
  A gnoll bouda (D:6)
  4 orc priests
  2 iguanas
  10 orc wizards
  2 adders
  4 gnolls (D:5)
  3 white imps
  An ufetubus (D:7)
  A dart slug (D:1)
  25 orcs
  7 endoplasms
  3 goblins
  5 hobgoblins
  A quokka (D:3)
  2 ball pythons
  A bat (D:1)
  A frilled lizard (D:2)
  5 kobolds
  A rat (D:1)
140 creatures vanquished.

Vanquished Creatures (others)
  A plant (Lair:1)
1 creature vanquished.

Grand Total: 141 creatures vanquished

Notes
Turn   | Place    | Note
-------+----------+-------------------------------------------
     0 | D:1      | tilp the Meteoran Fighter began the quest for the Orb.
     0 | D:1      | Reached XP level 1. HP: 19/19 MP: 2/2
    29 | D:1      | Reached XP level 2. HP: 22/26 MP: 3/3
   118 | D:1      | Reached skill level 1 in Dodging
   223 | D:3      | Identified the +10 war axe of the Spectre {vorpal, Fragile
                  | rElec Str+10}
   255 | D:3      | Found a faded altar of an unknown god.
   259 | D:3      | Found a blossoming altar of Fedhas.
   291 | D:3      | Reached XP level 3. HP: 31/31 MP: 4/4
   306 | D:4      | Found Kudokke's Magic Scroll Shop.
   311 | D:4      | Reached XP level 4. HP: 25/38 MP: 5/5
   327 | D:5      | Entered Level 5 of the Dungeon
   371 | D:4      | Found a basalt altar of Yredelemnul.
   372 | D:4      | Found an iron altar of Okawaru.
   373 | D:4      | Found a shimmering altar of Xom.
   373 | D:4      | Found a hazy altar of Hepliaklqana.
   379 | D:4      | Became a worshipper of Warmaster Okawaru
   401 | D:4      | Bought a scroll of teleportation for 36 gold pieces
   455 | D:4      | Noticed a scorpion
   494 | D:4      | Killed a scorpion
   495 | D:4      | Reached skill level 1 in Axes
   495 | D:4      | Reached skill level 1 in Stealth
   495 | D:4      | Reached XP level 5. HP: 30/46 MP: 6/6
   529 | D:4      | Found a burning altar of Makhleb.
   581 | D:4      | Noticed an ogre
   588 | D:4      | Killed an ogre
   589 | D:4      | Reached XP level 6. HP: 52/52 MP: 7/7
   591 | D:4      | You fall into a shaft and drop 3 floors!
   599 | D:7      | Noticed a centaur
   608 | D:7      | Killed a centaur
   608 | D:7      | Reached * piety under Okawaru
   664 | D:7      | Noticed a sky beast
   677 | D:7      | Killed a sky beast
   678 | D:7      | Reached XP level 7. HP: 55/59 MP: 8/8
   748 | D:6      | Reached skill level 1 in Invocations
   767 | D:6      | Reached skill level 1 in Throwing
   844 | D:5      | Identified the +2 scale mail of the Special Allies {Dex+2}
   926 | D:4      | Found a radiant altar of Vehumet.
   930 | D:4      | Reached XP level 8. HP: 67/67 MP: 10/10
   965 | D:4      | Found a staircase to the Ecumenical Temple.
  1061 | D:4      | Bought a scroll of identify for 24 gold pieces
  1061 | D:4      | Bought a scroll of identify for 24 gold pieces
  1061 | D:4      | Bought a scroll of enchant armour for 90 gold pieces
  1248 | D:6      | Reached ** piety under Okawaru
  1249 | D:6      | Reached skill level 5 in Axes
  1249 | D:6      | Reached skill level 5 in Dodging
  1363 | D:6      | Found a white marble altar of Elyvilon.
  1458 | D:7      | Found an opulent altar of Gozag.
  1533 | D:9      | Found a staircase to the Lair.
  1543 | D:8      | Reached skill level 5 in Fighting
  1543 | D:8      | Reached skill level 1 in Evocations
  1571 | D:8      | Gained mutation: You passively map the area around you.
                  | [Meteoran growth]
  1571 | D:8      | Reached XP level 9. HP: 74/74 MP: 12/12
  1637 | D:7      | Noticed Sapher's ghost (amateur DEEE)
  1712 | D:9      | Reached *** piety under Okawaru
  1743 | D:9      | Noticed a two-headed ogre
  1811 | D:9      | Reached skill level 5 in Invocations
  1811 | D:9      | Reached XP level 10. HP: 62/83 MP: 14/14
  1813 | D:9      | Reached **** piety under Okawaru
  1814 | D:9      | Received a gift from Okawaru
  1815 | D:9      | Reached skill level 5 in Throwing
  1823 | D:9      | HP: 2/83 [two-headed ogre/+0 giant spiked club (17)]
  1824 | D:9      | Killed a two-headed ogre
  1907 | D:9      | Reached ***** piety under Okawaru
  1931 | D:8      | Reached XP level 11. HP: 37/90 MP: 16/16
  1956 | D:10     | Entered Level 10 of the Dungeon
  1975 | D:10     | Reached skill level 5 in Armour
  1975 | D:10     | Reached skill level 5 in Evocations
  1979 | D:10     | Noticed a boulder beetle
  1993 | D:9      | Noticed an orange crystal statue
  2063 | D:9      | Noticed an entropy weaver
  2068 | D:9      | Killed an entropy weaver
  2114 | D:9      | Noticed a two-headed ogre
  2117 | D:9      | Killed a two-headed ogre
  2125 | D:9      | Noticed a deep elf pyromancer
  2131 | D:9      | Killed a deep elf pyromancer
  2143 | D:9      | Noticed a tengu warrior
  2159 | D:9      | Killed a tengu warrior
  2159 | D:9      | Received a gift from Okawaru
  2169 | D:9      | Identified the +1 pair of boots of the Devil's Team {Harm
                  | Rampage rF- Str+2} (Okawaru gifted it to you on level 9 of
                  | the Dungeon)
  2169 | D:9      | Received a gift from Okawaru
  2236 | D:10     | Found Yvvaecsu's Jewellery Shoppe.
  2301 | Lair:1   | Entered Level 1 of the Lair of Beasts
  2301 | Lair:1   | Found a gate leading to a gauntlet.
  2314 | Gauntlet | Entered a Gauntlet
  2314 | Gauntlet | Found the dreamshard necklace {*Dream Drain}
  2314 | Gauntlet | Found a transporter.
  2314 | Gauntlet | Found a transporter.
  2327 | Gauntlet | Found a transporter.
  2344 | Gauntlet | Found a transporter.
  2344 | Gauntlet | Found a transporter.
  2347 | Gauntlet | Found a transporter.
  2347 | Gauntlet | Found a transporter.
  2349 | Gauntlet | Noticed a death drake
  2351 | Gauntlet | Noticed a green death
  2358 | Gauntlet | Found a runed translucent gate.
  2358 | Gauntlet | Found a runed translucent gate.
  2358 | Gauntlet | Found a runed translucent gate.
  2360 | Gauntlet | Found a transporter.
  2376 | Gauntlet | Found a transporter.
  2386 | Gauntlet | Found a transporter.
  2400 | Gauntlet | Found a transporter.
  2428 | Gauntlet | Noticed a death drake
  2438 | Gauntlet | Found a transporter.
  2438 | Gauntlet | Found a transporter.
  2455 | Gauntlet | Found a transporter.
  2535 | Gauntlet | HP: 2/90 [spectral harpy (4)]
  2536 | Gauntlet | Succumbed to a death drake's foul vapour

Illustrated notes

Levels and vault maps discovered:
D:1:      spicycebolla_arrival_transporter_tutorial, layout_loops_cross
D:2:      layout_basic, uniq_jessica
D:3:      layout_basic, nicolae_overflow_ecumenical_swirl, uniq_natasha
D:4:      cheibrodos_old_hovel, layout_basic, amcnicky_altar_gilded,
          nicolae_vehumet_radiance, lemuel_doored_altar,
          mainiacjoe_overflow_alcove_3, minmay_temple_entry_slanted,
          serial_shops, nicolae_shop_stone
D:5:      layout_basic, lemuel_zombie_altar_kikubaaqudgha, serial_undead,
          serial_undead_f, serial_undead_a, serial_undead_b, serial_undead_a,
          kennysheep_potato
D:6:      layout_basic, old_standard_altar, minmay_checkerbox, uniq_eustachio
D:7:      layout_loops_cross, nicolae_gozag_seed_capital, gammafunk_ghost_hive
D:8:      minmay_flawed_box, layout_basic, grunt_dithmenos_smoke, serial_curves,
          eino_curves_03, eino_curves_01
D:9:      layout_cave_pools, erik_lair_orcish_takeover, serial_shops,
          nicolae_lakefront_shop, minivault_16, minmay_shattered_shrine
D:10:     hellmonk_ruined_rings, layout_stronghold, serial_shops,
          nicolae_diamond_shop, uniq_grum
D:11:     layout_cross, amethyst_killhole, minmay_radiant
Lair:1:   layout_concentric_octagons, gauntlet_entry_generic
Gauntlet: gammafunk_gauntlet_mixed_choke_point
          [minmay_gauntlet_arena_77_tiled_triplets,
          minmay_gauntlet_arena_77_radiant_squares,
          minmay_gauntlet_arena_77_mirror, gammafunk_gauntlet_arena_corners,
          minmay_gauntlet_arena_77_run_for_it, minmay_gauntlet_arena_77_box,
          minmay_gauntlet_arena_77_broken_ladder,
          nicolae_gauntlet_exit_dead_adventurers]

Skill      XL: |  1  2  3  4  5  6  7  8  9 10 11 |
---------------+----------------------------------+-----
Dodging        | 1 2 3 4 5 6 8 9 |  9.4
Shields        | 4 |  4.0
Axes           | 1 2 4 5 6 8 9 |  9.6
Armour         | 4 6 |  6.0
Stealth        | 1 2 3 4 |  4.0
Fighting       | 4 5 6 7 |  7.6
Invocations    | 1 3 5 6 8 |  8.0
Throwing       | 1 2 4 6 |  6.0
Evocations     | 1 3 4 6 |  6.0
Long Blades    | |  2.5

Action                   |  1- 3 |  4- 6 |  7- 9 | 10-12 || total
-------------------------+-------+-------+-------+-------++-------
Melee: Long sword        |    35 |       |       |       ||    35
       War axe           |     4 |    31 |   125 |    98 ||   258
Evoke: Wand              |       |       |       |     5 ||     5
  Use: Potion            |       |     1 |       |     5 ||     6
       Scroll            |       |       |     3 |     5 ||     8
Armor: Scale mail        |     9 |    14 |    56 |    50 ||   129
       Chain mail        |       |       |     9 |       ||     9
Dodge: Dodged            |    15 |    15 |    84 |    86 ||   200
Block: Buckler           |     4 |     8 |    37 |    46 ||    95

Table legend: (Time is in decaauts)
 A = Elapsed time spent in this place.
 B = Non-inter-level travel time spent in this place.
 C = Inter-level travel time spent in this place.
 D = Time resting spent in this place.
 E = Time spent auto-exploring this place.
 F = Levels seen in this place.
 G = Mean time per level.
                   A        B        C        D        E       F      G
               +--------+--------+--------+--------+--------+-----+--------+
         Total |   2617 |   2340 |    277 |     23 |      0 |  13 |  201.3 |
       Dungeon |   2379 |   2102 |    277 |     23 |      0 |  11 |  216.3 |
          Lair |     13 |     13 |      0 |      0 |      0 |   1 |   13.0 |
      Gauntlet |    224 |    224 |      0 |      0 |      0 |   1 |  224.0 |
               +--------+--------+--------+--------+--------+-----+--------+

Top non-repeatable levels by time:
     D:9: 492 daAuts
     D:4: 456 daAuts
     D:5: 299 daAuts
     D:7: 282 daAuts
     D:8: 251 daAuts
Gauntlet: 224 daAuts
     D:6: 175 daAuts
     D:1: 158 daAuts
     D:3: 144 daAuts
    D:10: 67 daAuts
     D:2: 36 daAuts
    D:11: 15 daAuts
  Lair:1: 13 daAuts
